 Dungeon Crawl Stone Soup version 0.29-a0-222-g5b244fca1f (webtiles) character file.

Game seed: 14315229028954796776

293 dolemite99 the Bolt Thrower (level 6, -1/42 HPs)
             Began as a Djinni Arcane Marksman on Feb 28, 2022.
             Was a Believer of the Shining One.
             Slain by a phantom (3 damage)
             ... on level 4 of the Dungeon.
             The game lasted 00:07:52 (5815 turns).

dolemite99 the Bolt Thrower (DjAM)                  Turns: 5815, Time: 00:07:52

Health: -1/42      AC:  5    Str:  9    XL:     6   Next: 60%
Gold:   153        EV: 11    Int: 17    God:    the Shining One [**....] SH:  0 Dex: 13

rFire   + . .      SeeInvis .   a - +0 hand crossbow (freeze)
rCold   + . .      Faith    .   (no shield)
rNeg    + . .      Spirit   .   t - +1 leather armour {rC+}
rPois   ∞          Reflect  .   (no helmet)
rElec   .          Harm     .   j - +0 cloak
rCorr   .          Rampage  .   (no gloves)
Will    .....                   (boots unavailable)
Stlth   +.........              (no amulet)
HPRegen 0.14/turn               o - ring of ice
MPRegen 0.00/turn               (no ring)

@: flying, hasted, glowing, very quick
A: sickness immunity, fire resistance 2, cold vulnerability 1, float, innate
caster, HP casting, extra vitality 1
a: Renounce Religion, Divine Shield


You were on level 4 of the Dungeon.
You worshipped the Shining One.
The Shining One was pleased with you.
You visited 1 branch of the dungeon, and saw 4 of its levels.

You collected 153 gold pieces.

Inventory:

Hand Weapons
 a - a +0 hand crossbow of freezing (weapon)
 k - a +0 hunting sling
 s - a +2 mace of protection
 u - a +1 halberd of flaming
Missiles
 h - 124 stones
 l - 4 poisoned darts
Armour
 d - a +0 pair of boots
 j - a +0 cloak (worn)
 t - a +1 leather armour of cold resistance (worn)
Jewellery
 o - a ring of ice (left hand)
 q - a ring of fire
 r - a +6 ring of intelligence
Scrolls
 c - 5 scrolls of teleportation
 e - a scroll of silence
 g - a scroll of enchant weapon {unknown}
 p - a scroll of fear
Potions
 b - a potion of brilliance
 f - a potion of attraction {unknown}
 i - 2 potions of curing
 n - a potion of invisibility {unknown}


   Skills:
 - Level 1.0 Fighting
 + Level 5.4 Crossbows
 - Level 2.1 Dodging
 - Level 2.4 Spellcasting


You couldn't memorise any spells.
You knew the following spells:

 Your Spells              Type           Power      Damage    Failure   Level
a - Slow                  Hex            40%        N/A       10%         1
b - Inner Flame           Hex/Fire       10%        N/A       28%         3
c - Portal Projectile     Hex/Tloc       20%        N/A       28%         3
d - Cause Fear            Hex            5%         N/A       67%         4
e - Sandblast             Erth           20%        2d7       10%         1
f - Static Discharge      Conj/Air       10%        N/A       14%         2
Your spell library was empty.

Dungeon Overview and Level Annotations

Branches:
Dungeon (4/15)
 Temple: D:4-7

Altars:
Kikubaaqudgha
Zin
The Shining One

Shops:
D:2 [   D:3 (


Innate Abilities, Weirdness & Mutations

You are immune to sickness and miasma.
You are immune to poison.
Your flesh is very heat resistant. (rF++)
You are vulnerable to cold. (rC-)
You float through the air rather than walking.
You learn spells naturally, not from books.
Your magical power is your life essence.
You have superior vitality. (+4 MHP)


Message History

The phantom hits you.
The phantom blinks!
You blink.
The phantom hits you!
* * * LOW HITPOINT WARNING * * *
Okay, then.
You feel yourself speed up. The phantom hits you.
* * * LOW HITPOINT WARNING * * *
Casting: Slow (safe; 10% risk of failure)
Confirm with . or Enter, or press ? or * to list all spells.
Aiming: Sandblast (safe; 10% risk of failure)
Press: ? - help, Shift-Dir - straight line, f/p - phantom
Aim: a phantom (heavily damaged, haloed, 79% to hit)
The blast of sand hits the phantom.
The phantom is severely damaged.
h - 125 stones
* * * LOW HITPOINT WARNING * * *
Casting: Sandblast (safe; 10% risk of failure)
Confirm with . or Enter, or press ? or * to list all spells.
Aiming: Sandblast (safe; 10% risk of failure)
Press: ? - help, Shift-Dir - straight line, f/p - phantom
Aim: a phantom (severely damaged, haloed, 79% to hit)
The blast of sand hits the phantom but does no damage.
The phantom is severely damaged.
h - 124 stones
* * * LOW HITPOINT WARNING * * *
The phantom hits you.
* * * LOW HITPOINT WARNING * * *
Casting: Sandblast (safe; 10% risk of failure)
Confirm with . or Enter, or press ? or * to list all spells.
You don't have enough health to cast this spell.
Unknown command.
Shoot: a) +0 hand crossbow (freeze)
Press: ? - help, Shift-Dir - straight line, f/p - phantom
Aim: a phantom (severely damaged, haloed, 68% to hit)
You shoot a bolt. The bolt barely misses the phantom.
The phantom misses you.
Shoot: a) +0 hand crossbow (freeze)
Press: ? - help, Shift-Dir - straight line, f/p - phantom
Aim: a phantom (severely damaged, haloed, 68% to hit)
You shoot a bolt. The bolt hits the phantom!
The phantom is almost destroyed.
The phantom hits you.
You die...

#.....# . #######...##
..##....##...#######
...................+
...................#
...S...............#
#..†.##...##.##.#
###########'##########.#
#.....#@................
#.....#W................
#.....#.................
#.....#.....##.....###..
#...##########.....#####
#...####....##..........
#.......................
#.......................
#.......................


You could see a phantom.

Vanquished Creatures
  An orc warrior (D:3)
  Jessica (D:3)
  3 gnolls (D:4)
  4 adders
  2 ufetubi (D:4)
  A worm (D:3)
  4 dart slugs
  10 orcs
  4 ball pythons
  4 bats (D:3)
  6 endoplasms
  2 giant cockroaches
  9 goblins
  6 hobgoblins
  6 jackals (D:2)
  6 kobolds
  2 quokkas (D:3)
  A frilled lizard (D:2)
  6 rats
78 creatures vanquished.

Notes
Turn   | Place    | Note
-------+----------+-------------------------------------------
     0 | D:1      | dolemite99 the Djinni Arcane Marksman began the quest for
                  | the Orb.
     0 | D:1      | Reached XP level 1. HP: 17/17 MP: 0/0
   128 | D:1      | Reached skill level 2 in Crossbows
   138 | D:1      | Reached XP level 2. HP: 22/22 MP: 0/0
  1379 | D:1      | Reached XP level 3. HP: 27/27 MP: 0/0
  1379 | D:1      | Learned a level 1 spell: Sandblast
  1401 | D:1      | Found a faded altar of an unknown god.
  1426 | D:1      | Prayed at the altar of an unknown god.
  1426 | D:1      | Became a worshipper of the Shining One
  1426 | D:1      | Reached * piety under the Shining One
  2040 | D:2      | Found Ysautazof's Antique Armour Boutique.
  2172 | D:2      | Reached skill level 3 in Crossbows
  2677 | D:3      | Reached XP level 4. HP: 31/32 MP: 0/0
  2849 | D:3      | Noticed Jessica
  2853 | D:3      | Killed Jessica
  3430 | D:3      | Found Figgyogo's Antique Weapon Shop.
  3456 | D:3      | Reached XP level 5. HP: 33/37 MP: 0/0
  3456 | D:3      | Learned a level 2 spell: Static Discharge
  3526 | D:3      | Reached skill level 4 in Crossbows
  3679 | D:3      | Noticed an orc warrior
  3747 | D:3      | Killed an orc warrior
  3748 | D:3      | Reached XP level 6. HP: 14/42 MP: 0/0
  4079 | D:3      | Identified the +0 leather armour "Ifyev" {Regen+ Str+4
                  | Dex-5 SInv}
  4266 | D:3      | Reached skill level 5 in Crossbows
  4636 | D:3      | Found a glowing silver altar of Zin.
  4793 | D:3      | Found a glowing golden altar of the Shining One.
  5210 | D:4      | Reached ** piety under the Shining One
  5813 | D:4      | HP: 1/42 [phantom (4)]
  5815 | D:4      | Slain by a phantom

Illustrated notes

Levels and vault maps discovered:
D:1:      minmay_arrival_plants_in_alcoves, layout_loops_ring,
          ebering_ecumenical_altar_mist
D:2:      layout_basic, serial_shops, nicolae_shop_competitors_out_of_business
D:3:      minmay_thinvault, layout_basic, tso_oasis_becter, lemuel_tele_altar,
          zin_academy, serial_shops, shop, uniq_jessica
D:4:      layout_gridville, roderic_nine_men_s_morris

Skill      XL: |  1  2  3  4  5  6 |
---------------+-------------------+-----
Crossbows      | 2 3 4 5 |  5.4
Fighting       | |  1.0
Dodging        | |  2.1
Spellcasting   | |  2.4

Action                   |  1- 3 |  4- 6 || total
-------------------------+-------+-------++-------
 Fire: Hand crossbow     |   109 |   178 ||   287
 Cast: Slow              |     8 |    21 ||    29
       Sandblast         |       |     2 ||     2
Invok: Divine Shield     |       |     1 ||     1
  Use: Scroll            |       |    11 ||    11
       Potion            |       |     1 ||     1
Armor: Robe              |    11 |    13 ||    24
       Leather armour    |       |     5 ||     5
Dodge: Dodged            |    41 |    89 ||   130
Block: Other             |       |     1 ||     1

Table legend: (Time is in decaauts)
 A = Elapsed time spent in this place.
 B = Non-inter-level travel time spent in this place.
 C = Inter-level travel time spent in this place.
 D = Time resting spent in this place.
 E = Time spent auto-exploring this place.
 F = Levels seen in this place.
 G = Mean time per level.
                   A        B        C        D        E       F      G
               +--------+--------+--------+--------+--------+-----+--------+
         Total |   5907 |   5816 |     91 |   2048 |   2902 |   4 | 1476.8 |
       Dungeon |   5907 |   5816 |     91 |   2048 |   2902 |   4 | 1476.8 |
               +--------+--------+--------+--------+--------+-----+--------+

Top non-repeatable levels by time:
     D:3: 2164 daAuts
     D:1: 1768 daAuts
     D:2: 1195 daAuts
     D:4: 779 daAuts
